what a comeback

Match 15529981
End
Selects Armored Battlegroup
Selects Veteran Crews
Construct Barracks
1⁄4-ton 4x4 Truck
Riflemen Squad
Riflemen Squad
Riflemen Squad
Infantry Support Center
Riflemen Squad
Construct Medical Station
Selects Strength in Steel
M1918 Browning Automatic Rifles
Munitions Surplus
M1 Mortar Team
Selects M8 Scott SPG
M8 Scott SPG
Construct Motor Pool
Selects M31 Recovery Vehicle
M31 Recovery Vehicle
M24 Chaffee Light Tank
M1 Anti-tank Gun Team
Grenade Package
M1 Anti-tank Gun Team
Construct Weapon Support Center
Selects M4A3E8 Sherman Combat Group
M4A3E8 Sherman Combat Group
M31 Recovery Vehicle
M3 Armored Personnel Carrier
Selects War Machine
M1 Anti-tank Gun Team
M1 Anti-tank Gun Team
Engineer Squad
AndreiM2006
panther8541
kamacura
frostie
★彡ỆĿḄỆḦÏŔÏ彡★
윈터커트
0
0

Comments sign in to comment!

No comments posted yet!